 Dungeon Crawl Stone Soup version 0.32-a0-306-gfed3edf829 (webtiles) character file.

Game seed: 15621676658230054777

66 jasper the Chopper (level 3, -3/31 HPs)
             Began as a Mountain Dwarf Monk on Feb 14, 2024.
             Slain by a cerulean imp
             ... wielding a +0 spear
             ... summoned by Natasha
              (4 damage)
             ... on level 2 of the Dungeon.
             The game lasted 00:02:56 (1806 turns).

jasper the Chopper (Mountain Dwarf Monk)            Turns: 1806, Time: 00:02:57

Health: -3/31      AC:  6    Str: 15    XL:     3   Next: 96%
Magic:  3/3        EV:  9    Int: 10    God:
Gold:   94         SH:  0    Dex: 12    Spells: 2/2 levels left

rFire   . . .        f - +0 dire flail
rCold   . . .        (shield currently unavailable)
rNeg    . . .        m - +0 scale mail
rPois   .            (no helmet)
rElec   .            (no cloak)
rCorr   .            (no gloves)
SInv    .            (no boots)
Will    .....        (no amulet) Stlth
                     (no ring)
HPRegen 0.25/turn    (no ring)
MPRegen 0.08/turn

%: no passive effects
@: slowed, very slow
A: runic magic, artefact enchanting
a: no special abilities


You were on level 2 of the Dungeon.
You visited 1 branch of the dungeon, and saw 3 of its levels.

You collected 150 gold pieces.
You spent 56 gold pieces at shops.

Inventory:

Hand Weapons
 a - a +0 hand axe
 f - a +0 dire flail (weapon)
 i - a +0 dagger
Missiles
 j - 21 stones (quivered)
Armour
 b - a +0 robe
 d - an orb of light
 h - a +0 ring mail
 m - a +0 scale mail (worn)
Scrolls
 e - 2 scrolls of teleportation
 g - a scroll of identify
 p - a scroll of fear
Potions
 c - 3 potions of ambrosia
 k - a potion of brilliance
 l - 3 potions of heal wounds
 n - 2 potions of enlightenment


   Skills:
 - Level 3.2 Fighting
 + Level 5.9 Axes
 - Level 2.1 Dodging


You had 2 spell levels left.
You didn't know any spells.
Your spell library was empty.

Dungeon Overview and Level Annotations

Branches:
Dungeon (3/15)

Altars:

Shops:
D:2 ?

Annotations:
D:1 1 transporter
D:2 Natasha


Innate Abilities, Weirdness & Mutations

Your spellcasting is much less encumbered by armour.
You can use scrolls of enchantment on lesser artefacts.


Message History

Aim: Natasha, carrying a wand of flame (45% to hit)
You throw a stone. The stone closely misses Natasha.
Natasha zaps a wand.
The puff of flame hits you.
You take 6 damage, and have 25/31 hp.
Throw: 24 stones
Press: ? - help, Q - select action Shift-Dir - straight line, f/p - Natasha
Aim: Natasha, carrying a wand of flame (45% to hit)
You throw a stone. The stone barely misses Natasha.
Natasha casts a spell at you.
You feel yourself slow down.
Throw: 23 stones
Press: ? - help, Q - select action Shift-Dir - straight line, f/p - Natasha
Aim: Natasha, carrying a wand of flame (45% to hit)
You throw a stone. The stone closely misses Natasha.
Throw: 22 stones
Press: ? - help, Q - select action Shift-Dir - straight line, f/p - Natasha
Aim: Natasha, carrying a wand of flame (45% to hit)
You throw a stone.
The stone hits Natasha but does no damage.
Natasha casts a spell.
Natasha hisses.
Natasha mumbles some strange words.
The cerulean imp closely misses you.
You climb upwards.
The cerulean imp disappears in a puff of smoke! x2
There is a stone staircase leading down here.
You closely miss Natasha.
Natasha casts a spell.
Natasha zaps a wand.
The puff of flame hits you!
You take 7 damage, and have 20/31 hp.
MASSIVE DAMAGE!!
You closely miss Natasha.
Natasha zaps a wand.
The puff of flame hits you.
Natasha zaps a wand.
The puff of flame hits you!
* * * LOW HITPOINT WARNING * * *
The cerulean imp hits you from afar with a +0 spear.
* * * LOW HITPOINT WARNING * * *
You take 17 damage, and have 3/31 hp.
MASSIVE DAMAGE!!
You closely miss Natasha. Natasha claws you.
* * * LOW HITPOINT WARNING * * *
The cerulean imp hits you from afar with a +0 spear.
You die...

......#.............#
#.
....................#
#.
....................#
##
......#............##
......#............#
#######............#
#######...5.##
###h.######## #####
##@.......# ##...#
########.###..#'##
#............'∩'.
#.#####.######'#. #.#
#.# #...... #.# #.#
#.#..## ##.#####.#
#.#..# #........#
#.#..#
############.#..#


You could see Natasha and a cerulean imp (summoned).

Vanquished Creatures
  2 adders (D:2)
  3 dart slugs (D:1)
  An orc (D:3)
  An endoplasm (D:2)
  A giant cockroach (D:1)
  A hobgoblin (D:2)
  5 ball pythons
  5 bats
  A frilled lizard (D:1)
  2 kobolds (D:1)
  4 rats
26 creatures vanquished.

Notes
Turn   | Place    | Note
-------+----------+-------------------------------------------
     0 | D:1      | jasper the Mountain Dwarf Monk began the quest for the Orb.
     0 | D:1      | Reached XP level 1. HP: 19/19 MP: 1/1
    74 | D:1      | Reached skill level 4 in Axes
   260 | D:1      | Reached XP level 2. HP: 26/26 MP: 2/2
   676 | D:1      | Reached skill level 5 in Axes
  1016 | D:2      | Reached XP level 3. HP: 31/31 MP: 3/3
  1030 | D:2      | Found Goex's Magic Scroll Shoppe.
  1033 | D:2      | Bought a scroll of fear for 56 gold pieces
  1775 | D:3      | Noticed Natasha
  1806 | D:2      | HP: 1/31 [Natasha (2)]
  1806 | D:2      | Slain by a cerulean imp

Illustrated notes

Levels and vault maps discovered:
D:1:      spicycebolla_arrival_risky_transporter, layout_basic
D:2:      layout_basic, serial_shops, nicolae_shop_behind_doors
D:3:      layout_loops_ring, serial_shops, nicolae_shop_gaudy_bauble,
          uniq_natasha

Skill      XL: |  1  2 |
---------------+-------+-----
Axes           | 4 5 |  5.9
Fighting       | |  3.2
Dodging        | |  2.1

Action                     || total
---------------------------++-------
  Melee: Hand axe          ||     6
         Dire flail        ||    63
  Throw: Stone             ||     4
    Use: Scroll            ||     5
 Armour: Robe              ||     4
         Ring mail         ||    10
         Scale mail        ||    41
  Dodge: Dodged            ||    41

Table legend: (Time is in decaauts)
 A = Elapsed time spent in this place.
 B = Non-inter-level travel time spent in this place.
 C = Inter-level travel time spent in this place.
 D = Time resting spent in this place.
 E = Time spent auto-exploring this place.
 F = Levels seen in this place.
 G = Mean time per level.
                   A        B        C        D        E       F      G
               +--------+--------+--------+--------+--------+-----+--------+
         Total |   1830 |   1558 |    272 |    184 |    899 |   3 |  610.0 |
       Dungeon |   1830 |   1558 |    272 |    184 |    899 |   3 |  610.0 |
               +--------+--------+--------+--------+--------+-----+--------+

Top non-repeatable levels by time:
     D:1: 1169 daAuts
     D:2: 645 daAuts
     D:3: 15 daAuts
